 Dungeon Crawl Stone Soup version 0.29.0-4-gdea44cf6ec (webtiles) character file.

Game seed: 13507098422418604070

2314 qw the Cleaver (level 9, -3/52 HPs)
             Began as a Tengu Warper on Aug 28, 2022.
             Was an Initiate of Okawaru.
             Slain by Maggie
             ... wielding a +0 broad axe
              (7 damage)
             ... on level 7 of the Dungeon.
             The game lasted 00:00:57 (8276 turns).

qw the Cleaver (Tengu Warper)                       Turns: 8276, Time: 00:00:58

Health: -3/52      AC: 17    Str: 15    XL:     9   Next: 41%
Magic:  13/13      EV:  4    Int: 13    God:    Okawaru [......]
Gold:   324        SH: 10    Dex: 15    Spells: 12/12 levels left

rFire   . . .      SeeInvis .   Y - +1 war axe (flame)
rCold   . . .      Faith    .   i - +0 kite shield
rNeg    . . .      Spirit   .   b - +0 plate armour
rPois   .          Reflect  .   (helmet restricted)
rElec   .          Harm     .   m - +0 cloak
rCorr   .          Rampage  .   (no gloves)
Will    .....                   (boots unavailable)
Stlth   ..........              (no amulet)
HPRegen 0.17/turn               q - +4 ring of protection
MPRegen 0.13/turn               (no ring)

@: flying quickly and evasively, mesmerised, quick
A: beak, talons 3, nimble flight, mutation resistance 1
a: Renounce Religion


You were on level 7 of the Dungeon.
You worshipped Okawaru.
Okawaru was noncommittal.
You visited 2 branches of the dungeon, and saw 8 of its levels.

You collected 324 gold pieces.


Innate Abilities, Weirdness & Mutations

You have a beak for a mouth.
You have claws for feet.
Your magical nature lets you fly swiftly and evasively.
You are somewhat resistant to further mutation.


   Skills:
 - Level 4.0 Fighting
 - Level 10.2 Axes
 - Level 1.0 Throwing
 + Level 4.6 Armour
 - Level 2.1 Dodging
 - Level 6.0 Shields
 - Level 2.0 Spellcasting
 - Level 2.4 Translocations


You had 12 spell levels left.
You didn't know any spells.
Your spell library contained the following spells:

 Spells                   Type           Power      Damage    Failure   Level
 Blink                    Tloc           14%        N/A       100%        2
 Gell's Gravitas          Tloc           7%         N/A       100%        3
 Lesser Beckoning         Tloc           7%         N/A       100%        3
 Teleport Other           Tloc           7%         N/A       100%        3
 Manifold Assault         Tloc           7%         N/A       100%        5

Inventory:

Hand Weapons
 Y - a +1 war axe of flaming (weapon)
Missiles
 p - 5 boomerangs (quivered)
Armour
 b - a +0 plate armour (worn)
 i - a +0 kite shield (worn)
 m - a +0 cloak (worn)
Jewellery
 d - a ring of fire
 q - a +4 ring of protection (left hand)
Scrolls
 a - a scroll of identify
 l - 4 scrolls of teleportation
Potions
 e - 3 potions of curing
 f - a potion of resistance
 g - a potion of mutation
 j - a potion of might
 k - a potion of heal wounds

Dungeon Overview and Level Annotations

Branches:
Dungeon (7/15)             Temple (1/1) D:7

Altars:
Ashenzari
Cheibriados
Dithmenos
Elyvilon
Fedhas
Gozag
Kikubaaqudgha
Makhleb
Nemelex Xobeh
Okawaru
Ru
Sif Muna
Trog
Xom
Yredelemnul
Zin
The Shining One

Shops:
D:6 =

Annotations:
D:6 2 runed translucent doors
D:7 1 runed translucent door, Maggie; qw's ghost, amateur TeWr


Message History

You block the gnoll's attack.
The gnoll sergeant hits you but does no damage.
You block the gnoll's attack. The gnoll hits you but does no damage.
You block the gnoll's attack. The gnoll hits you but does no damage.
You block Maggie's attack.
The gnoll sergeant hits you but does no damage.
The gnoll hits you but does no damage.
You hit the gnoll. You burn the gnoll.
The gnoll is almost dead.
You hit Maggie but do no damage. You block the gnoll's attack.
The gnoll hits you but does no damage.
The gnoll sergeant hits you from afar with a +0 spear.
The gnoll hits you but does no damage. Maggie casts a spell at you.
The bolt of fire hits you!
You barely miss the gnoll.
The gnoll is almost dead.
You slash Maggie! You burn Maggie. The gnoll hits you but does no damage.
The gnoll barely misses you.
The gnoll sergeant hits you but does no damage.
The gnoll hits you but does no damage. You block Maggie's attack.
You hit the gnoll. You burn the gnoll.
You kill the gnoll!
Okawaru accepts your kill.
You hit Maggie but do no damage. The gnoll hits you but does no damage.
The gnoll sergeant barely misses you. You block the gnoll's attack.
Maggie hits you but does no damage.
You hit Maggie but do no damage. Your kick misses Maggie.
Maggie is lightly wounded.
You block the gnoll's attack.
The gnoll sergeant hits you but does no damage.
The gnoll hits you from afar with a +0 halberd.
Maggie casts a spell.
Maggie draws you further into her thrall.
You slash Maggie! You burn Maggie. Your kick misses Maggie.
Maggie is moderately wounded.
The gnoll hits you but does no damage. You block the gnoll sergeant's attack.
The gnoll hits you from afar with a +0 halberd!
Maggie hits you with a +0 broad axe!
You die...

####### .......
....... .......
.(..... ## ......g
.#####
....?.@########
.[....
.....g)@.....>#
.#####
.....g.######.# .#
####### #.# .# #####
#.# ##
##888##########.# ##
#8...8..........#
.####
#8.>............#
....#
##8...8..........###
##..#
#.#888#......).....#


You could see Maggie (mesmerising), a gnoll sergeant and 2 gnolls.

Vanquished Creatures
  Joseph (D:7)
  A black bear (D:7)
  3 ogres
  4 phantoms
  3 bullfrogs
  2 necrophages
  2 scorpions
  4 jellies
  2 orc priests
  5 hounds
  3 iguanas
  7 orc wizards
  14 adders
  5 gnolls
  2 river rats (D:5)
  A shadow imp (D:6)
  A white imp (D:6)
  An ufetubus (D:6)
  5 worms
  5 dart slugs
  22 orcs
  9 ball pythons
  8 endoplasms
  5 giant cockroaches
  10 hobgoblins
  A jackal (D:2)
  9 kobolds
  5 quokkas
  4 bats
  2 frilled lizards
  7 goblins
  10 rats
163 creatures vanquished.

Vanquished Creatures (others)
  9 fungi (D:5)
9 creatures vanquished.

Grand Total: 172 creatures vanquished

Notes
Turn   | Place    | Note
-------+----------+-------------------------------------------
     0 | D:1      | qw the Tengu Warper began the quest for the Orb.
     0 | D:1      | Reached XP level 1. HP: 12/12 MP: 4/4
     0 | D:1      | 0 ||| qw: Version: 0.1-a-89-g26bdef1
     0 | D:1      | 0 ||| qw: Game counter: 193
     0 | D:1      | 0 ||| qw: Always use a shield: true
     0 | D:1      | 0 ||| qw: God list: Okawaru
     0 | D:1      | 0 ||| qw: Allow faded altars: false
     0 | D:1      | 0 ||| qw: Do Orc after D:15 true
     0 | D:1      | 0 ||| qw: Do second Lair branch before Depths: true
     0 | D:1      | 0 ||| qw: Lair rune preference: random
     0 | D:1      | 0 ||| qw: Plans: Normal
     0 | D:1      | 0 ||| PLANNING D:1-11
   103 | D:1      | Reached XP level 2. HP: 17/17 MP: 6/6
   157 | D:1      | Reached skill level 3 in Axes
   226 | D:1      | 226 ||| Stepping ~*~*~tactically~*~*~ (stealth).
   227 | D:1      | 227 ||| Stepping ~*~*~tactically~*~*~ (stealth).
   228 | D:1      | 228 ||| Stepping ~*~*~tactically~*~*~ (stealth).
   396 | D:1      | 396 ||| Stepping ~*~*~tactically~*~*~ (stealth).
   398 | D:1      | 398 ||| Stepping ~*~*~tactically~*~*~ (stealth).
   402 | D:1      | 402 ||| Stepping ~*~*~tactically~*~*~ (stealth).
   404 | D:1      | 404 ||| Stepping ~*~*~tactically~*~*~ (hiding).
   405 | D:1      | 405 ||| Stepping ~*~*~tactically~*~*~ (hiding).
   831 | D:1      | 831 ||| Stepping ~*~*~tactically~*~*~ (hiding).
   837 | D:1      | Reached XP level 3. HP: 21/21 MP: 7/7
  1202 | D:1      | 1202 ||| READING 2 scrolls labelled WIABER MIKIFEY.
  1203 | D:1      | 1203 ||| READING scroll labelled NIAFEG NASOA.
  1204 | D:1      | 1204 ||| DROPPING scroll of blinking.
  1249 | D:2      | 1249 ||| DROPPING +0 club.
  1267 | D:2      | Reached skill level 4 in Axes
  1395 | D:2      | 1395 ||| Stepping ~*~*~tactically~*~*~ (stealth).
  1397 | D:2      | 1397 ||| Stepping ~*~*~tactically~*~*~ (stealth).
  1402 | D:2      | 1402 ||| Stepping ~*~*~tactically~*~*~ (stealth).
  1405 | D:2      | 1405 ||| Stepping ~*~*~tactically~*~*~ (stealth).
  1407 | D:2      | 1407 ||| Stepping ~*~*~tactically~*~*~ (stealth).
  1439 | D:2      | 1439 ||| Stepping ~*~*~tactically~*~*~ (stealth).
  1440 | D:2      | 1440 ||| FLEEEEING.
  1444 | D:2      | 1444 ||| Stepping ~*~*~tactically~*~*~ (stealth).
  1449 | D:2      | 1449 ||| Stepping ~*~*~tactically~*~*~ (stealth).
  1473 | D:2      | 1473 ||| Stepping ~*~*~tactically~*~*~ (stealth).
  1584 | D:2      | 1584 ||| Stepping ~*~*~tactically~*~*~ (stealth).
  1589 | D:2      | 1589 ||| Stepping ~*~*~tactically~*~*~ (stealth).
  1595 | D:2      | Reached XP level 4. HP: 24/26 MP: 8/8
  1906 | D:2      | Reached skill level 5 in Axes
  2505 | D:2      | 2505 ||| Stepping ~*~*~tactically~*~*~ (stealth).
  2553 | D:2      | 2553 ||| UPGRADING to +0 cloak.
  2558 | D:2      | 2558 ||| READING scroll labelled ZUOT ZUXTEECI.
  2561 | D:2      | 2561 ||| READING scroll labelled REMPUIXERU.
  2562 | D:2      | 2562 ||| DRINKING 2 fuming yellow potions.
  2562 | D:2      | Gained mutation: You are somewhat resistant to further
                  | mutation. [potion of mutation]
  2563 | D:2      | 2563 ||| READING 3 scrolls of identify.
  2563 | D:2      | 2563 ||| IDENTIFYING silvery potion
  2564 | D:2      | 2564 ||| READING 2 scrolls of identify.
  2564 | D:2      | 2564 ||| IDENTIFYING green potion
  2565 | D:2      | 2565 ||| DROPPING potion of berserk rage.
  2566 | D:2      | 2566 ||| DROPPING potion of degeneration.
  2653 | D:3      | Noticed a phantom
  2657 | D:3      | 2657 ||| Stepping ~*~*~tactically~*~*~ (water).
  2670 | D:3      | Killed a phantom
  2671 | D:3      | Reached skill level 6 in Axes
  2671 | D:3      | Gained mutation: Your magical nature lets you fly swiftly
                  | and evasively. [Tengu growth]
  2671 | D:3      | Reached XP level 5. HP: 21/30 MP: 9/9
  2886 | D:3      | 2886 ||| Stepping ~*~*~tactically~*~*~ (stealth).
  2888 | D:3      | 2888 ||| Stepping ~*~*~tactically~*~*~ (stealth).
  3094 | D:3      | Identified the +2 scale mail of Meutean {SInv}
  3104 | D:3      | Found a shimmering blue altar of Sif Muna.
  3142 | D:3      | Found a burning altar of Makhleb.
  3608 | D:3      | 3608 ||| UPGRADING to +2 scale mail of Meutean {SInv}.
  3618 | D:3      | 3618 ||| DROPPING +0 leather armour.
  3619 | D:3      | 3619 ||| UPGRADING to +4 ring of protection.
  3620 | D:3      | 3620 ||| READING scroll labelled BAGUN AFOEKEMOFE.
  3621 | D:3      | 3621 ||| READING scroll labelled ASCHEGHI GAYRUTZ.
  3622 | D:3      | 3622 ||| READING scroll labelled GAD AHYOQECS.
  3623 | D:3      | 3623 ||| READING 2 scrolls of identify.
  3623 | D:3      | 3623 ||| IDENTIFYING amethyst potion
  3624 | D:3      | 3624 ||| READING scroll of teleportation.
  3682 | D:4      | Reached XP level 6. HP: 26/35 MP: 10/10
  3777 | D:4      | 3777 ||| Stepping ~*~*~tactically~*~*~ (stealth).
  3817 | D:4      | Identified the +7 flail "Atafiagu" {antimagic, Contam
                  | +Blink rN++ Stlth+}
  3819 | D:4      | 3819 ||| DROPPING +0 mace.
  3947 | D:4      | Reached skill level 7 in Axes
  3960 | D:4      | Reached skill level 3 in Fighting
  4192 | D:4      | Reached XP level 7. HP: 40/41 MP: 11/11
  4314 | D:4      | Found a white marble altar of Elyvilon.
  4323 | D:4      | 4323 ||| DROPPING +7 flail "Atafiagu" {antimagic, Contam
                  | +Blink rN++ Stlth+}.
  4762 | D:4      | 4762 ||| UPGRADING to +0 plate armour.
  4772 | D:4      | 4772 ||| DROPPING +2 scale mail of Meutean {SInv}.
  4773 | D:4      | 4773 ||| DRINKING 2 emerald potions.
  4774 | D:4      | 4774 ||| READING 2 scrolls of identify.
  4774 | D:4      | 4774 ||| IDENTIFYING fuming blue potion
  4775 | D:4      | 4775 ||| DROPPING potion of magic.
  4785 | D:5      | Entered Level 5 of the Dungeon
  4786 | D:5      | 4786 ||| PLANNING SEWER
  4786 | D:5      | 4786 ||| STAIRDANCE
  4788 | D:4      | 4788 ||| DRINKING 3 potions of curing.
  4788 | D:4      | 4788 ||| (to cure confusion)
  4996 | D:5      | Reached skill level 3 in Armour
  5146 | D:5      | Found a bloodstained altar of Trog.
  5175 | D:5      | Found a sacrificial altar of Ru.
  5181 | D:5      | 5181 ||| SWAPPING to +0 war axe of venom.
  5193 | D:5      | Reached skill level 8 in Axes
  5193 | D:5      | 5193 ||| DROPPING +0 hand axe.
  5570 | D:5      | 5570 ||| RIP SEWER
  5610 | D:5      | 5610 ||| PLANNING D:1-11
  5618 | D:5      | Reached XP level 8. HP: 42/46 MP: 12/12
  5657 | D:5      | 5657 ||| Stepping ~*~*~tactically~*~*~ (stealth).
  5843 | D:5      | Found a snail-covered altar of Cheibriados.
  5970 | D:5      | 5970 ||| UPGRADING to +0 kite shield.
  5975 | D:5      | 5975 ||| READING scroll labelled WUUFUIPETI.
  5976 | D:5      | 5976 ||| DRINKING 2 orange potions.
  5977 | D:5      | 5977 ||| READING 2 scrolls of identify.
  5977 | D:5      | 5977 ||| IDENTIFYING viscous silvery potion
  5978 | D:5      | 5978 ||| DROPPING potion of ambrosia.
  6019 | D:6      | Reached skill level 1 in Shields
  6147 | D:6      | Reached skill level 3 in Shields
  6263 | D:6      | 6263 ||| Stepping ~*~*~tactically~*~*~ (stealth).
  6268 | D:6      | 6268 ||| Stepping ~*~*~tactically~*~*~ (stealth).
  6270 | D:6      | 6270 ||| Stepping ~*~*~tactically~*~*~ (stealth).
  6271 | D:6      | 6271 ||| Stepping ~*~*~tactically~*~*~ (stealth).
  6272 | D:6      | 6272 ||| Stepping ~*~*~tactically~*~*~ (stealth).
  6641 | D:6      | 6641 ||| Stepping ~*~*~tactically~*~*~ (hiding).
  6645 | D:6      | 6645 ||| Stepping ~*~*~tactically~*~*~ (hiding).
  6657 | D:6      | 6657 ||| DRINKING 3 potions of curing.
  6657 | D:6      | 6657 ||| (to cure confusion)
  6660 | D:6      | 6660 ||| Stepping ~*~*~tactically~*~*~ (hiding).
  6661 | D:6      | 6661 ||| Stepping ~*~*~tactically~*~*~ (hiding).
  6697 | D:6      | Found a large runed translucent door.
  6701 | D:6      | Found a large runed translucent door.
  6714 | D:6      | Found Gohitux's Jewellery Boutique.
  6720 | D:6      | 6720 ||| Stepping ~*~*~tactically~*~*~ (hiding).
  6721 | D:6      | 6721 ||| Stepping ~*~*~tactically~*~*~ (hiding).
  6871 | D:6      | 6871 ||| SHOPLISTING +6 ring of dexterity (504 gold, have
                  | 254).
  6871 | D:6      | 6871 ||| SHOPLISTING +6 ring of strength (504 gold, have
                  | 254).
  6871 | D:6      | 6871 ||| SHOPLISTING amulet of guardian spirit (420 gold,
                  | have 254).
  6871 | D:6      | 6871 ||| SHOPLISTING amulet of reflection (420 gold, have
                  | 254).
  6871 | D:6      | 6871 ||| SHOPLISTING ring "Jouprouthru" {Str+6 Int+3} (690
                  | gold, have 254).
  6871 | D:6      | 6871 ||| SHOPLISTING ring of protection from fire (350
                  | gold, have 254).
  7188 | D:6      | 7188 ||| READING scroll labelled JUQUDE BYITIA.
  7189 | D:6      | 7189 ||| READING scroll labelled CATAURPH OXZYA.
  7190 | D:6      | 7190 ||| DRINKING 2 glowing emerald potions.
  7191 | D:6      | 7191 ||| READING 3 scrolls of identify.
  7191 | D:6      | 7191 ||| IDENTIFYING murky brown potion
  7192 | D:6      | 7192 ||| READING 2 scrolls of identify.
  7192 | D:6      | 7192 ||| IDENTIFYING purple potion
  7193 | D:6      | 7193 ||| DROPPING potion of brilliance.
  7194 | D:6      | 7194 ||| DROPPING potion of lignification.
  7209 | D:7      | Found a runed translucent door.
  7215 | D:7      | Noticed qw's ghost (amateur TeWr)
  7224 | D:7      | 7224 ||| Stepping ~*~*~tactically~*~*~ (stealth).
  7229 | D:7      | 7229 ||| Stepping ~*~*~tactically~*~*~ (stealth).
  7241 | D:7      | Reached skill level 9 in Axes
  7339 | D:7      | 7339 ||| Stepping ~*~*~tactically~*~*~ (stealth).
  7351 | D:7      | Reached XP level 9. HP: 38/52 MP: 13/13
  7352 | D:7      | Noticed Joseph
  7353 | D:7      | 7353 ||| Stepping ~*~*~tactically~*~*~ (stealth).
  7354 | D:7      | 7354 ||| FLEEEEING.
  7355 | D:7      | 7355 ||| FLEEEEING.
  7356 | D:7      | 7356 ||| FLEEEEING.
  7357 | D:7      | 7357 ||| FLEEEEING.
  7358 | D:7      | 7358 ||| FLEEEEING.
  7359 | D:7      | 7359 ||| FLEEEEING.
  7360 | D:7      | 7360 ||| FLEEEEING.
  7361 | D:7      | 7361 ||| FLEEEEING.
  7362 | D:7      | 7362 ||| FLEEEEING.
  7363 | D:7      | 7363 ||| FLEEEEING.
  7364 | D:7      | 7364 ||| FLEEEEING.
  7365 | D:7      | 7365 ||| FLEEEEING.
  7366 | D:7      | 7366 ||| FLEEEEING.
  7367 | D:7      | 7367 ||| FLEEEEING.
  7368 | D:7      | 7368 ||| FLEEEEING.
  7369 | D:7      | 7369 ||| FLEEEEING.
  7370 | D:7      | 7370 ||| FLEEEEING.
  7372 | D:7      | 7372 ||| FLEEEEING.
  7379 | D:7      | 7379 ||| FLEEEEING.
  7380 | D:7      | 7380 ||| FLEEEEING.
  7381 | D:7      | 7381 ||| STAIRDANCE
  7532 | D:6      | 7532 ||| READING scroll labelled IMNATHRE VUTY.
  7545 | D:7      | 7545 ||| STAIRDANCE
  7570 | D:7      | 7570 ||| STAIRDANCE
  7608 | D:7      | 7608 ||| STAIRDANCE
  7667 | D:7      | 7667 ||| STAIRDANCE
  7691 | D:7      | 7691 ||| STAIRDANCE
  7813 | D:7      | 7813 ||| STAIRDANCE
  7949 | D:7      | Reached skill level 6 in Shields
  8030 | D:7      | 8030 ||| READING scroll of brand weapon.
  8030 | D:7      | 8030 ||| BRANDING +1 war axe of freezing.
  8031 | D:7      | 8031 ||| DROPPING +0 morningstar.
  8124 | D:7      | Found a staircase to the Ecumenical Temple.
  8125 | D:7      | 8125 ||| PLANNING TEMPLE
  8136 | D:7      | Killed Joseph
  8137 | D:7      | Reached skill level 10 in Axes
  8153 | D:7      | 8153 ||| Stepping ~*~*~tactically~*~*~ (stealth).
  8154 | D:7      | 8154 ||| Stepping ~*~*~tactically~*~*~ (stealth).
  8156 | D:7      | 8156 ||| Stepping ~*~*~tactically~*~*~ (stealth).
  8176 | Temple   | Entered the Ecumenical Temple
  8199 | Temple   | Became a worshipper of Warmaster Okawaru
  8216 | Temple   | 8216 ||| PLANNING D:1-11
  8267 | D:7      | Noticed Maggie
  8276 | D:7      | HP: 4/52 [gnoll/+0 halberd[a gnoll sergeant] (11)]
  8276 | D:7      | Slain by Maggie

Levels and vault maps discovered:
D:1:      dpeg_arrival_simpleton_b, layout_loops_corners, roderic_roman_lattice,
          minmay_misc_feat_secret_circle, kennysheep_nondescript
D:2:      layout_loops_ring, grunt_ministairs_4, chequers_serial_rivers_micro_c,
          hangedman_decor_points, minmay_fractal_squares_5
D:3:      layout_basic, lightli_temple_of_fire, nicolae_sif_muna_little_library,
          serial_rivers, chequers_serial_rivers_micro_e,
          chequers_serial_rivers_micro_b, chequers_serial_rivers_micro_e,
          chequers_serial_rivers_marsh
D:4:      layout_loops_corners, nicolae_elyvilon_peaceful_grove,
          dreamdust_princess_bridge
D:5:      layout_loops_corners, slow_altar_2,
          mainiacjoe_overflow_catch_the_wave, lightli_sewer_entry_pipes
D:6:      layout_cave_pods, jmf_multi_god_temple2, serial_shops,
          nicolae_shop_stone, chequers_garden, nrook_mini_vaults, minivault_25
D:7:      layout_basic, minmay_temple_entry_statues,
          ebering_ghost_reflecting_pool, minivault_23, uniq_joseph,
          uniq_duvessa, uniq_maggie
Temple:   nicolae_temple_ecumenical_triangle

Skill      XL: |  1  2  3  4  5  6  7  8  9 |
---------------+----------------------------+-----
Axes           | 3 4 6 7 8 9 10 | 10.2
Fighting       | 3 4 |  4.0
Armour         | 4 |  4.6
Shields        | 5 6 |  6.0
Throwing       | |  1.0
Dodging        | |  2.1
Spellcasting   | |  2.0
Translocations | |  2.4

Action                   |  1- 3 |  4- 6 |  7- 9 || total
-------------------------+-------+-------+-------++-------
Melee: Hand axe          |    56 |   154 |    35 ||   245
       Kick              |    20 |    33 |    55 ||   108
       Peck              |    11 |    27 |    39 ||    77
       War axe           |       |       |   169 ||   169
       Punch             |       |       |     2 ||     2
Throw: Boomerang         |     7 |    23 |    76 ||   106
       Javelin           |     9 |       |       ||     9
  Use: Scroll            |     2 |     9 |     9 ||    20
       Potion            |       |     1 |     5 ||     6
Armor: Leather armour    |    12 |    19 |       ||    31
       Scale mail        |       |    24 |     2 ||    26
       Plate armour      |       |       |   123 ||   123
Dodge: Dodged            |    26 |    77 |    27 ||   130
Block: Kite shield       |       |       |    66 ||    66

Table legend:
 A = Non-vault XP
 B = Vault XP
 C = Vault XP percentage of total XP
 D = Non-vault monster count
 E = Vault monster count
 F = Vault count percentage of total count
                 A         B        C        D         E       F
            +---------+---------+-------+---------+---------+-------
      Total |    2754 |     552 |  16.7 |     140 |      23 |  14.1
            +---------+---------+-------+---------+---------+-------
        D:1 |      39 |       0 |   0.0 |      20 |       0 |   0.0
        D:2 |      71 |      31 |  30.4 |      19 |      10 |  34.5
        D:3 |     168 |       0 |   0.0 |      21 |       0 |   0.0
        D:4 |     320 |       0 |   0.0 |      24 |       0 |   0.0
        D:5 |     573 |      76 |  11.7 |       9 |      12 |  57.1
        D:6 |     874 |       0 |   0.0 |      29 |       0 |   0.0
        D:7 |     709 |     445 |  38.6 |      18 |       1 |   5.3
            +---------+---------+-------+---------+---------+-------
